 Dungeon Crawl Stone Soup version 0.19-a0-347-g6bb00b2 (webtiles) character file.

47 TheWatcher the Insei (level 3, 0/29 HPs)
             Began as a Mummy Monk on May 29, 2016.
             Slain by a bat (1 damage)
             ... on level 2 of the Dungeon.
             The game lasted 00:01:15 (2067 turns).

TheWatcher the Insei (Mummy Monk)                   Turns: 2067, Time: 00:01:16

Health: 0/29       AC:  0    Str: 14    XL:     3   Next: 48%
Magic:  3/3        EV: 13    Int:  9    God:
Gold:   22         SH:  0    Dex: 15    Spells: 0 memorised, 2 levels left

rFire  x . .     SeeInvis .       - Unarmed
rCold  + . .     Gourm    .     (no armour)
rNeg   + + +     Faith    .     (no shield)
rPois  ∞         Spirit   .     (no helmet)
rElec  .         Dismiss  .     (no cloak)
rCorr  .         Reflect  .     (no gloves)
SustAt .         Harm     .     (no boots)
MR     .....                    (no amulet)
Stlth  ++........               (no ring)
                                (no ring)

@: not resistant to hostile enchantments, unstealthy
A: no food or potions, fire vulnerability, cold resistance 1, negative energy
resistance 3, torment resistance, unbreathing
a: no special abilities


You were on level 2 of the Dungeon.
You were not hungry.

You visited 1 branch of the dungeon, and saw 2 of its levels.

You collected 22 gold pieces.


Innate Abilities, Weirdness & Mutations

You do not eat or drink.
Your flesh is vulnerable to fire.
You are immune to poison.
Your flesh is cold resistant. (rC+)
You are immune to negative energy. (rN+++)
You are immune to unholy pain and torment.
You can survive without breathing.


   Skills:
 - Level 3.0 Fighting
 - Level 2.4 Dodging
 - Level 1.5 Stealth
 + Level 4.3 Unarmed Combat


You had 2 spell levels left.
You didn't know any spells.

Inventory:

Scrolls
 a - 3 scrolls of remove curse {unknown}
 b - 2 scrolls of enchant weapon {unknown}
 c - 4 scrolls of blinking {unknown}
 d - a scroll of magic mapping {unknown}
 e - a scroll of recharging {unknown}

Dungeon Overview and Level Annotations

Branches:
Dungeon (2/15)

Altars:

▒.......▒ ▒ ▒▒ ▒.......▒ ▒▒▒
...▒▒▒▒▒▒▒▒.......▒ ▒▒▒▒..
.......(g(....(...▒▒▒▒▒▒..÷.▒
?.......▒▒▒..............▒▒▒▒
........▒ ▒g......▒▒▒▒▒......
........▒ ▒.......▒......▒...
.........▒▒.......▒.▒▒▒▒▒▒▒..
▒▒..▒▒▒....bM.▒▒▒▒..▒ .. ▒▒(
▒▒.▒▒▒▒......▒▒ ▒. . ▒...
▒▒▒....▒▒▒▒ . . .. ..
▒>▒▒....▒▒▒ . £▒ ...
...▒▒▒▒▒...▒▒ ▒
..............▒▒ ▒ ...
▒▒▒▒▒▒▒▒▒..▒▒▒ ▒▒. ▒▒▒▒▒▒....
....)......


You could see a hobgoblin and a bat.


Message History

You squash the hobgoblin but do no damage!
The hobgoblin misses you!
You squash the hobgoblin but do no damage!
The hobgoblin misses you!
You beat the hobgoblin but do no damage!
You barely miss the hobgoblin! The hobgoblin barely misses you!
You closely miss the hobgoblin! The hobgoblin hits you! * * * don't die
* * * You pummel the hobgoblin like a punching bag!
The hobgoblin is severely wounded!
The hobgoblin misses you!
You barely miss the hobgoblin!
The hobgoblin is severely wounded!
The hobgoblin closely misses you!
You squash the hobgoblin like an ant!
The hobgoblin is almost dead!
The hobgoblin hits you! * * * don't die
* * * The hobgoblin throws a stone!
The stone barely misses you!
You see here a stone!
The hobgoblin throws a stone!
The stone misses you!
A bat comes into view!
The bat hits you! * * * don't die
* * *
Found 9 gold pieces!
You pulverise the bat!
The bat is heavily wounded!
The bat barely misses you! The bat hits you! rip

Action                   || total
-------------------------++-------
Melee: Unarmed           ||   112
       Punch             ||     2
 Stab: Sleeping          ||     4
Dodge: Dodged            ||    75

Vault maps used:
D:1:      roderic_lyre, st_stairs_8

Notes
Turn   | Place    | Note
--------------------------------------------------------------
     0 | D:1      | TheWatcher the Mummy Monk began the quest for the Orb.
     0 | D:1      | Reached XP level 1. HP: 18/18 MP: 1/1
  1293 | D:1      | Reached XP level 2. HP: 24/24 MP: 2/2
  1558 | D:2      | Reached skill level 4 in Unarmed Combat
  1683 | D:2      | Reached XP level 3. HP: 27/29 MP: 3/3
  2056 | D:2      | HP: 2/29 [hobgoblin (5)]
  2065 | D:2      | HP: 1/29 [bat (1)]
  2067 | D:2      | Slain by a bat

Vanquished Creatures
  2 adders (D:2)
  An ooze (D:2)
  A dart slug (D:1)
  A giant cockroach (D:2)
  3 goblins
  5 hobgoblins
  2 jackals (D:2)
  A bat (D:1)
  2 giant newts
  2 kobolds
  4 rats
24 creatures vanquished.
